[ AOE2 MATCH · #507140914 ]
UnrankedRomans vs Bengalis
Player's team · WIN
Rival team · LOSS
[ REPLAY ANALYSIS · EXTRACTED FROM THE RECORDED GAME ]
Feudal
13:51
Castle
26:29
Imperial
—
| APM avg | 60.4 |
| APM peak | 123 |
| eAPM avg | 31.7 |
| Villagers / military | 63 / 45 |
Focus
⚔️ 37.7% · 🌾 62.3%
Militia ×43 · Mangonel ×1 · Battering Ram ×1
Feudal
10:25
Castle
27:22
Imperial
—
| APM avg | 57.5 |
| APM peak | 79 |
| eAPM avg | 24.7 |
| Villagers / military | 71 / 30 |
Focus
⚔️ 40.8% · 🌾 59.2%
Skirmisher ×11 · Archer ×10 · Spearman ×5 · Monk ×2 · Militia ×2
Match map
Initial resources + every placement click. Lines = walls · curves = elevation contours. ◆ gold · ⬟ stone · ● berries · ✦ relic · ◌ wall gap
Your base· Open — unwalled flank
mentalist_'s base· Open — 4t gap
Smoothed initial terrain · ◌ = detected wall gap · hover for details
Inputs per minute
— Gabi - - mentalist_
Build order — Gabi
First 150 of 200 actions detected
| 0:01 | Queue | Villager (Male) |
| 0:01 | Queue | Villager (Male) |
| 0:02 | Build | House |
| 0:03 | Build | House |
| 0:25 | Queue | Villager (Male) |
| 0:39 | Queue | Villager (Male) |
| 1:29 | Queue | Villager (Male) |
| 1:58 | Queue | Villager (Male) |
| 2:14 | Build | Barracks |
| 2:20 | Queue | Villager (Male) |
| 2:52 | Queue | Villager (Male) |
| 3:11 | Queue | Militia |
| 3:18 | Queue | Villager (Male) |
| 3:24 | Build | House |
| 3:33 | Queue | Militia |
| 3:49 | Queue | Villager (Male) |
| 4:07 | Queue | Militia |
| 4:16 | Queue | Villager (Male) |
| 4:47 | Build | House |
| 5:00 | Research | Loom |
| 5:18 | Queue | Villager (Male) |
| 5:20 | Queue | Militia |
| 5:35 | Queue | Villager (Male) |
| 5:55 | Queue | Villager (Male) |
| 6:30 | Queue | Villager (Male) |
| 6:38 | Build | Lumber Camp |
| 6:46 | Queue | Villager (Male) |
| 6:57 | Queue | Militia |
| 7:02 | Queue | Villager (Male) |
| 7:40 | Queue | Villager (Male) |
| 7:58 | Queue | Villager (Male) |
| 8:04 | Build | House |
| 8:09 | Queue | Villager (Male) |
| 8:36 | Build | Mill |
| 8:46 | Queue | Villager (Male) |
| 8:58 | Build | Palisade Wall |
| 9:07 | Queue | Villager (Male) |
| 9:11 | Build | House |
| 9:27 | Queue | Villager (Male) |
| 9:33 | Build | House |
| 9:39 | Build | Farm |
| 9:46 | Build | Palisade Wall |
| 10:01 | Build | Palisade Wall |
| 10:06 | Build | Palisade Wall |
| 10:19 | Queue | Villager (Male) |
| 10:21 | Build | Farm |
| 10:25 | Build | Palisade Wall |
| 10:41 | Build | Farm |
| 10:51 | Queue | Villager (Male) |
| 11:15 | Build | Palisade Gate |
| 11:16 | Queue | Villager (Male) |
| 11:26 | Build | Palisade Wall |
| 11:35 | Queue | Villager (Male) |
| 11:39 | Research | Feudal Age |
| 11:42 | Build | Lumber Camp |
| 12:14 | Queue | Militia |
| 12:17 | Build | Mining Camp |
| 12:23 | Build | House |
| 12:24 | Build | Palisade Wall |
| 12:44 | Build | Farm |
| 12:46 | Build | Farm |
| 12:55 | Queue | Militia |
| 13:16 | Build | Farm |
| 13:21 | Build | Palisade Wall |
| 13:21 | Build | Palisade Wall |
| 13:24 | Queue | Militia |
| 13:28 | Build | Palisade Wall |
| 13:34 | Build | Palisade Wall |
| 13:35 | Build | Palisade Wall |
| 13:51 | Age | Feudal Age |
| 14:00 | Queue | Villager (Male) |
| 14:17 | Research | Man-at-Arms (upgrade) |
| 14:17 | Research | Man-at-Arms (upgrade) |
| 14:18 | Queue | Villager (Male) |
| 14:20 | Build | Blacksmith |
| 14:24 | Build | Palisade Wall |
| 14:25 | Build | Palisade Wall |
| 14:27 | Build | Palisade Wall |
| 14:28 | Build | Palisade Wall |
| 14:33 | Build | Palisade Wall |
| 14:45 | Queue | Villager (Male) |
| 14:46 | Build | Palisade Wall |
| 14:50 | Build | Palisade Wall |
| 15:06 | Research | Scale Mail Armor |
| 15:13 | Queue | Villager (Male) |
| 15:24 | Queue | Militia |
| 15:38 | Build | House |
| 15:40 | Build | Mining Camp |
| 15:44 | Queue | Villager (Male) |
| 15:48 | Build | Farm |
| 15:57 | Build | Farm |
| 16:10 | Queue | Villager (Male) |
| 16:27 | Queue | Villager (Male) |
| 16:33 | Queue | Militia |
| 16:51 | Queue | Villager (Male) |
| 16:58 | Build | Watch Tower |
| 17:01 | Queue | Villager (Male) |
| 17:03 | Build | Farm |
| 17:10 | Queue | Militia |
| 17:21 | Build | Farm |
| 17:28 | Research | Town Watch |
| 17:36 | Build | Farm |
| 17:49 | Build | House |
| 17:55 | Research | Forging |
| 17:59 | Queue | Villager (Male) |
| 18:11 | Build | Watch Tower |
| 18:15 | Queue | Militia |
| 18:21 | Build | Farm |
| 18:23 | Build | Farm |
| 18:29 | Queue | Villager (Male) |
| 18:31 | Queue | Militia |
| 18:42 | Build | Farm |
| 18:49 | Queue | Militia |
| 18:59 | Queue | Villager (Male) |
| 19:09 | Queue | Militia |
| 19:11 | Build | Farm |
| 19:21 | Queue | Villager (Male) |
| 19:36 | Build | Watch Tower |
| 19:40 | Queue | Villager (Male) |
| 19:41 | Build | Farm |
| 19:54 | Build | House |
| 19:55 | Queue | Villager (Male) |
| 20:08 | Build | Farm |
| 20:10 | Queue | Villager (Male) |
| 20:16 | Queue | Militia |
| 20:19 | Queue | Villager (Male) |
| 20:24 | Queue | Villager (Male) |
| 20:27 | Queue | Villager (Male) |
| 20:31 | Queue | Villager (Male) |
| 20:37 | Queue | Villager (Male) |
| 20:40 | Queue | Militia |
| 20:47 | Queue | Villager (Male) |
| 21:03 | Queue | Villager (Male) |
| 21:07 | Build | Farm |
| 21:07 | Build | Farm |
| 21:07 | Build | Farm |
| 21:07 | Build | Farm |
| 21:19 | Queue | Villager (Male) |
| 21:19 | Queue | Villager (Male) |
| 21:35 | Queue | Villager (Male) |
| 21:53 | Queue | Villager (Male) |
| 22:02 | Build | House |
| 22:03 | Queue | Villager (Male) |
| 22:14 | Queue | Villager (Male) |
| 23:08 | Queue | Villager (Male) |
| 23:09 | Build | Market |
| 23:20 | Queue | Militia |
| 23:42 | Queue | Militia |
| 23:49 | Research | Castle Age |
| 23:55 | Build | Barracks |
Build order — mentalist_
First 150 of 199 actions detected
| 0:02 | Queue | Villager (Male) |
| 0:02 | Queue | Villager (Male) |
| 0:03 | Queue | Villager (Male) |
| 0:04 | Build | House |
| 0:04 | Queue | Villager (Male) |
| 0:06 | Build | House |
| 1:29 | Queue | Villager (Male) |
| 2:01 | Queue | Villager (Male) |
| 2:01 | Queue | Villager (Male) |
| 2:20 | Queue | Villager (Male) |
| 2:20 | Queue | Villager (Male) |
| 2:45 | Queue | Villager (Male) |
| 3:08 | Build | Mill |
| 3:15 | Queue | Villager (Male) |
| 3:15 | Queue | Villager (Male) |
| 3:31 | Queue | Villager (Male) |
| 3:52 | Research | Loom |
| 3:57 | Queue | Villager (Male) |
| 4:04 | Research | Loom |
| 4:09 | Queue | Villager (Male) |
| 4:24 | Research | Loom |
| 4:24 | Research | Loom |
| 4:37 | Build | House |
| 4:43 | Build | House |
| 5:01 | Queue | Villager (Male) |
| 5:06 | Build | House |
| 5:11 | Queue | Villager (Male) |
| 5:30 | Queue | Villager (Male) |
| 6:00 | Queue | Villager (Male) |
| 6:20 | Build | Lumber Camp |
| 6:35 | Queue | Villager (Male) |
| 6:45 | Build | Palisade Wall |
| 6:45 | Build | Palisade Wall |
| 7:00 | Build | Palisade Wall |
| 7:02 | Build | Palisade Wall |
| 7:07 | Build | Palisade Wall |
| 7:22 | Queue | Villager (Male) |
| 7:41 | Queue | Villager (Male) |
| 7:49 | Queue | Villager (Male) |
| 8:08 | Build | Palisade Wall |
| 8:15 | Research | Feudal Age |
| 8:40 | Queue | Villager (Male) |
| 9:30 | Queue | Villager (Male) |
| 9:38 | Build | House |
| 10:05 | Build | Palisade Wall |
| 10:07 | Build | House |
| 10:22 | Build | Barracks |
| 10:25 | Age | Feudal Age |
| 10:27 | Queue | Villager (Male) |
| 10:40 | Build | Watch Tower |
| 10:54 | Queue | Villager (Male) |
| 10:57 | Queue | Militia |
| 11:09 | Research | Double-Bit Axe |
| 11:15 | Queue | Militia |
| 11:55 | Queue | Spearman |
| 11:55 | Queue | Spearman |
| 11:56 | Queue | Spearman |
| 11:59 | Queue | Villager (Male) |
| 12:10 | Queue | Villager (Male) |
| 12:17 | Build | Mill |
| 12:22 | Queue | Spearman |
| 12:25 | Queue | Villager (Male) |
| 12:51 | Queue | Spearman |
| 12:57 | Build | Farm |
| 12:59 | Build | Farm |
| 13:20 | Queue | Villager (Male) |
| 13:34 | Build | Archery Range |
| 13:50 | Build | Farm |
| 13:52 | Build | Farm |
| 13:54 | Queue | Villager (Male) |
| 14:20 | Build | Farm |
| 14:25 | Queue | Villager (Male) |
| 14:26 | Queue | Villager (Male) |
| 14:30 | Build | Farm |
| 14:33 | Build | Farm |
| 14:57 | Queue | Villager (Male) |
| 15:01 | Build | House |
| 15:16 | Build | Palisade Wall |
| 15:21 | Queue | Villager (Male) |
| 15:24 | Build | House |
| 15:27 | Build | Palisade Wall |
| 15:35 | Build | Farm |
| 15:42 | Queue | Villager (Male) |
| 15:59 | Build | Mining Camp |
| 16:04 | Build | Palisade Wall |
| 16:15 | Build | Archery Range |
| 16:21 | Build | Farm |
| 16:26 | Build | Lumber Camp |
| 16:30 | Queue | Villager (Male) |
| 16:49 | Queue | Villager (Male) |
| 16:58 | Build | Mining Camp |
| 17:04 | Research | Town Watch |
| 17:04 | Research | Town Watch |
| 17:07 | Queue | Villager (Male) |
| 17:08 | Queue | Skirmisher |
| 17:17 | Build | Palisade Wall |
| 17:29 | Research | Horse Collar |
| 17:32 | Queue | Skirmisher |
| 17:41 | Queue | Villager (Male) |
| 17:48 | Build | House |
| 17:50 | Queue | Skirmisher |
| 17:56 | Build | House |
| 17:59 | Build | Palisade Wall |
| 18:01 | Queue | Villager (Male) |
| 18:13 | Build | Farm |
| 18:16 | Build | Farm |
| 18:21 | Build | House |
| 18:25 | Build | Stone Wall |
| 18:32 | Build | Watch Tower |
| 18:32 | Queue | Villager (Male) |
| 18:39 | Queue | Skirmisher |
| 18:48 | Queue | Skirmisher |
| 18:55 | Queue | Villager (Male) |
| 19:08 | Queue | Skirmisher |
| 19:13 | Queue | Villager (Male) |
| 19:19 | Build | Watch Tower |
| 19:23 | Build | House |
| 19:27 | Research | Wheelbarrow |
| 19:41 | Build | Palisade Wall |
| 19:52 | Queue | Villager (Male) |
| 20:11 | Queue | Villager (Male) |
| 20:13 | Build | Blacksmith |
| 20:25 | Queue | Villager (Male) |
| 20:30 | Queue | Villager (Male) |
| 20:38 | Queue | Villager (Male) |
| 20:42 | Research | Fletching |
| 20:44 | Queue | Skirmisher |
| 20:56 | Queue | Villager (Male) |
| 21:02 | Queue | Villager (Male) |
| 21:13 | Queue | Villager (Male) |
| 21:25 | Queue | Villager (Male) |
| 21:30 | Queue | Villager (Male) |
| 21:31 | Queue | Skirmisher |
| 21:48 | Queue | Villager (Male) |
| 22:03 | Queue | Villager (Male) |
| 22:13 | Queue | Villager (Male) |
| 22:23 | Build | Mining Camp |
| 22:25 | Queue | Villager (Male) |
| 22:28 | Queue | Skirmisher |
| 22:28 | Queue | Skirmisher |
| 22:28 | Queue | Skirmisher |
| 22:32 | Build | Farm |
| 22:33 | Build | Farm |
| 22:33 | Queue | Villager (Male) |
| 22:57 | Build | House |
| 23:11 | Build | Market |
| 23:23 | Build | House |
| 23:25 | Queue | Villager (Male) |
| 23:44 | Queue | Villager (Male) |
| 23:56 | Queue | Archer |
Match timeline
| 2:14 | Gabi · first_building Barracks |
| 6:45 | mentalist_ · wall_segment Palisade Wall x1 |
| 6:45 | mentalist_ · wall_segment Palisade Wall x1 |
| 7:00 | mentalist_ · wall_segment Palisade Wall x1 |
| 7:02 | mentalist_ · wall_segment Palisade Wall x1 |
| 7:07 | mentalist_ · wall_segment Palisade Wall x1 |
| 8:08 | mentalist_ · wall_segment Palisade Wall x5 |
| 8:58 | Gabi · wall_segment Palisade Wall x9 |
| 9:46 | Gabi · wall_segment Palisade Wall x1 |
| 10:01 | Gabi · wall_segment Palisade Wall x2 |
| 10:05 | mentalist_ · wall_segment Palisade Wall x1 |
| 10:06 | Gabi · wall_segment Palisade Wall x7 |
| 10:22 | mentalist_ · first_building Barracks |
| 10:25 | mentalist_ · age_up feudal |
| 10:25 | Gabi · wall_segment Palisade Wall x1 |
| 11:26 | Gabi · wall_segment Palisade Wall x1 |
| 12:24 | Gabi · wall_segment Palisade Wall x1 |
| 13:21 | Gabi · wall_segment Palisade Wall x4 |
| 13:21 | Gabi · wall_segment Palisade Wall x2 |
| 13:28 | Gabi · wall_segment Palisade Wall x3 |
| 13:34 | mentalist_ · first_building Archery Range |
| 13:34 | Gabi · wall_segment Palisade Wall x2 |
| 13:35 | Gabi · wall_segment Palisade Wall x3 |
| 13:51 | Gabi · age_up feudal |
| 14:24 | Gabi · wall_segment Palisade Wall x3 |
| 14:25 | Gabi · wall_segment Palisade Wall x2 |
| 14:27 | Gabi · wall_segment Palisade Wall x4 |
| 14:28 | Gabi · wall_segment Palisade Wall x4 |
| 14:33 | Gabi · wall_segment Palisade Wall x1 |
| 14:46 | Gabi · wall_segment Palisade Wall x1 |
| 14:50 | Gabi · wall_segment Palisade Wall x1 |
| 15:16 | mentalist_ · wall_segment Palisade Wall x11 |
| 15:27 | mentalist_ · wall_segment Palisade Wall x10 |
| 16:04 | mentalist_ · wall_segment Palisade Wall x10 |
| 17:17 | mentalist_ · wall_segment Palisade Wall x7 |
| 17:59 | mentalist_ · wall_segment Palisade Wall x1 |
| 18:25 | mentalist_ · wall_segment Stone Wall x2 |
| 19:41 | mentalist_ · wall_segment Palisade Wall x1 |
| 23:52 | Gabi · first_market_buy 100 wood |
| 24:41 | mentalist_ · first_market_sell 100 food |
| 26:17 | Gabi · first_market_sell 100 stone |
| 26:29 | Gabi · age_up castle |
| 26:36 | mentalist_ · wall_segment Palisade Wall x9 |
| 26:39 | Gabi · first_building Siege Workshop |
| 26:50 | mentalist_ · wall_segment Palisade Wall x7 |
| 26:58 | mentalist_ · wall_segment Palisade Wall x2 |
| 27:00 | mentalist_ · wall_segment Palisade Wall x3 |
| 27:15 | mentalist_ · wall_segment Palisade Wall x10 |
| 27:22 | mentalist_ · age_up castle |
| 27:24 | mentalist_ · first_building Monastery |
| 27:41 | mentalist_ · wall_segment Palisade Wall x1 |
| 28:07 | mentalist_ · wall_segment Palisade Wall x1 |
| 28:17 | mentalist_ · wall_segment Palisade Wall x1 |
| 28:31 | mentalist_ · wall_segment Palisade Wall x2 |
| 28:34 | mentalist_ · wall_segment Palisade Wall x2 |
| 28:52 | mentalist_ · wall_segment Palisade Wall x1 |
| 29:02 | mentalist_ · resign |
[ AI ANALYSIS · 1 CREDIT ]
What really happened in this match?
Wolo.gg analyzes every decision: build order, eco, micro, common mistakes by bracket. Personalized analysis on WhatsApp or Discord in 30 seconds.
Civ guide
Romans
Perfil
Gabi